TOP OF THE 1ST |
Evans HS Knights batting - Pitching for Masconomet HS Chieftans : RHP David Wilson
|
Pitching: RHP David Wilson
|
|
Batting: LHB Gerald Murphy
|
0-0: Called Strike 0-1: Ball 1-1: Ground out 6-3 (Groundball, 6)
|
Batting: RHB Harvey Mawhinney
|
0-0: Ball 1-0: Called Strike 1-1: SINGLE (Groundball, 56S)
|
Batting: SHB Bryan Atkins
|
0-0: Ball Wild Pitch! Harvey Mawhinney to second 1-0: 2-RUN HOME RUN (Flyball, 9D), Distance : 395 ft
|
Batting: LHB Quinn Webb
|
0-0: Ball 1-0: Swinging Strike 1-1: Foul Ball, location: 2F 1-2: Foul Ball, location: 2F 1-2: Ground out 1-3 (Groundball, 15)
|
Batting: SHB Brandon Hathaway
|
0-0: Ball 1-0: Swinging Strike 1-1: Ball 2-1: SINGLE (Line Drive, 7S)
|
Batting: RHB Rafael Martínez
|
0-0: Called Strike 0-1: Swinging Strike 0-2: Strikes out swinging
|
Top of the 1st over - 2 run(s), 3 hit(s), 0 error(s), 1 left on base; Evans HS 2 - Masconomet HS 0 |
BOTTOM OF THE 1ST |
Masconomet HS Chieftans batting - Pitching for Evans HS Knights : RHP David Munger
|
Pitching: RHP David Munger
|
|
Batting: RHB Frank Music
|
0-0: Fly out, F7 (Line Drive, 7M)
|
Batting: RHB Tyler Robinson
|
0-0: Called Strike 0-1: Called Strike 0-2: Ball 1-2: Ball 2-2: Ball 3-2: Foul Ball, location: 2F 3-2: Strikes out swinging
|
Batting: RHB Lee Justice
|
0-0: Ball 1-0: Ball 2-0: Ground out 5-3 (Groundball, 56)
|
Bottom of the 1st over - 0 run(s), 0 hit(s), 0 error(s), 0 left on base; Evans HS 2 - Masconomet HS 0 |
TOP OF THE 2ND |
Evans HS Knights batting - Pitching for Masconomet HS Chieftans : RHP David Wilson
|
Batting: RHB Tim Lee
|
0-0: Called Strike 0-1: Ball 1-1: Swinging Strike 1-2: Ball 2-2: SINGLE (Line Drive, 89M)
|
Batting: LHB Nick Weber
|
0-0: Ball 1-0: Ball 2-0: Ball 3-0: Called Strike 3-1: 2-RUN HOME RUN (Flyball, 9D), Distance : 389 ft
|
Batting: LHB Billy Raymond
|
0-0: Ball 1-0: Ball 2-0: Swinging Strike 2-1: Foul Ball, location: 2F 2-2: Strikes out swinging
|
Batting: LHB Gerald Murphy
|
0-0: Ball 1-0: Swinging Strike 1-1: Ball 2-1: Foul Ball, location: 2F 2-2: Foul Ball, location: 2F 2-2: Foul Ball, location: 2F 2-2: Ball 3-2: Base on Balls
|
Batting: RHB Harvey Mawhinney
|
0-0: Ball 1-0: Ball 2-0: Called Strike 2-1: Ball Gerald Murphy steals 2nd base 3-1: Foul Ball, location: 2F 3-2: Foul Ball, location: 2F 3-2: Foul Ball, location: 2F 3-2: Strikes out swinging
|
Batting: SHB Bryan Atkins
|
0-0: Fly out, F6 (Popup, 6MD)
|
Top of the 2nd over - 2 run(s), 2 hit(s), 0 error(s), 1 left on base; Evans HS 4 - Masconomet HS 0 |
BOTTOM OF THE 2ND |
Masconomet HS Chieftans batting - Pitching for Evans HS Knights : RHP David Munger
|
Batting: LHB David Hebert
|
0-0: Called Strike 0-1: Swinging Strike 0-2: SINGLE (Groundball, 4MD)
|
Batting: LHB José Gallardo
|
0-0: Ball 1-0: Called Strike 1-1: Foul Ball, location: 2F 1-2: Grounds into double play, U6-3 (Groundball, 6)
|
Batting: RHB Ryan Beck
|
0-0: Swinging Strike 0-1: Swinging Strike 0-2: Strikes out looking
|
Bottom of the 2nd over - 0 run(s), 1 hit(s), 0 error(s), 0 left on base; Evans HS 4 - Masconomet HS 0 |
TOP OF THE 3RD |
Evans HS Knights batting - Pitching for Masconomet HS Chieftans : RHP David Wilson
|
Batting: LHB Quinn Webb
|
0-0: Ground out U3 (Groundball, 3L)
|
Batting: SHB Brandon Hathaway
|
0-0: Ball 1-0: Called Strike 1-1: Called Strike 1-2: Ball 2-2: Foul Ball, location: 2F 2-2: Strikes out swinging
|
Batting: RHB Rafael Martínez
|
0-0: Swinging Strike 0-1: Fly out, F9 (Flyball, 89M)
|
Top of the 3rd over - 0 run(s), 0 hit(s), 0 error(s), 0 left on base; Evans HS 4 - Masconomet HS 0 |
BOTTOM OF THE 3RD |
Masconomet HS Chieftans batting - Pitching for Evans HS Knights : RHP David Munger
|
Batting: RHB António Rojas
|
0-0: Ball 1-0: Called Strike 1-1: Swinging Strike 1-2: Ball 2-2: Foul Ball, location: 2F 2-2: Ball 3-2: Foul Ball, location: 2F 3-2: Foul Ball, location: 2F 3-2: Foul Ball, location: 2F 3-2: Base on Balls
|
Batting: SHB Jim Orr
|
0-0: Ball 1-0: Foul Ball, location: 2F 1-1: Foul Ball, location: 2F 1-2: Hit by Pitch António Rojas to second
|
Batting: RHB Jack Bowman
|
0-0: Foul Ball, location: 2F 0-1: Ball 1-1: Ball 2-1: Fly out, F7 (Flyball, 7M)
|
Batting: RHB Frank Music
|
0-0: Called Strike 0-1: Swinging Strike 0-2: Ball 1-2: Ball 2-2: Strikes out swinging
|
Batting: RHB Tyler Robinson
|
0-0: Ball 1-0: Swinging Strike 1-1: Ground out 1-3 (Groundball, 13S)
|
Bottom of the 3rd over - 0 run(s), 0 hit(s), 0 error(s), 2 left on base; Evans HS 4 - Masconomet HS 0 |
TOP OF THE 4TH |
Evans HS Knights batting - Pitching for Masconomet HS Chieftans : RHP David Wilson
|
Batting: RHB Tim Lee
|
0-0: Ball 1-0: Called Strike 1-1: SINGLE (Line Drive, 6MD)
|
Batting: LHB Nick Weber
|
0-0: Foul Ball, location: 2F 0-1: Ball 1-1: Ball 2-1: Ball 3-1: DOUBLE (Line Drive, 9LM) Tim Lee to third Runner from 3rd tries for Home, SAFE, no throw or cutoff
|
Batting: LHB Billy Raymond
|
0-0: Swinging Strike 0-1: Foul Ball, location: 2F 0-2: Strikes out swinging
|
Batting: LHB Gerald Murphy
|
0-0: 2-RUN HOME RUN (Line Drive, 9D), Distance : 407 ft
|
Pitching: RHP Albert Berry
|
|
Batting: RHB Harvey Mawhinney
|
0-0: Called Strike 0-1: Ball 1-1: Foul Ball, location: 2F 1-2: Foul Ball, location: 2F 1-2: Strikes out swinging
|
Batting: SHB Bryan Atkins
|
0-0: Foul Ball, location: 2F 0-1: Ball 1-1: Ball 2-1: Ball 3-1: Foul Ball, location: 2F 3-2: Strikes out looking
|
Top of the 4th over - 3 run(s), 3 hit(s), 0 error(s), 0 left on base; Evans HS 7 - Masconomet HS 0 |
BOTTOM OF THE 4TH |
Masconomet HS Chieftans batting - Pitching for Evans HS Knights : RHP David Munger
|
Batting: RHB Lee Justice
|
0-0: Ball 1-0: Ball 2-0: Ball 3-0: Base on Balls
|
Batting: LHB David Hebert
|
0-0: Called Strike 0-1: Foul Ball, location: 2F 0-2: Ball 1-2: Strikes out swinging
|
Batting: LHB José Gallardo
|
0-0: Swinging Strike 0-1: Foul Ball, location: 2F 0-2: Ground out 3-1 (Groundball, 34) Lee Justice to second
|
Batting: RHB Ryan Beck
|
0-0: Ground out U3 (Groundball, 3)
|
Bottom of the 4th over - 0 run(s), 0 hit(s), 0 error(s), 1 left on base; Evans HS 7 - Masconomet HS 0 |
TOP OF THE 5TH |
Evans HS Knights batting - Pitching for Masconomet HS Chieftans : RHP Albert Berry
|
Batting: LHB Quinn Webb
|
0-0: Ball 1-0: Ball 2-0: SINGLE (Groundball, 34D)
|
Batting: SHB Brandon Hathaway
|
0-0: Called Strike Quinn Webb steals 2nd base 0-1: Called Strike 0-2: Ball 1-2: Strikes out swinging
|
Batting: RHB Rafael Martínez
|
0-0: Called Strike 0-1: Ball 1-1: Foul Ball, location: 2F 1-2: Foul Ball, location: 2F 1-2: Strikes out swinging
|
Batting: RHB Tim Lee
|
0-0: Called Strike 0-1: Called Strike 0-2: Foul Ball, location: 2F 0-2: Reached on error, E6 (Groundball, 56) Quinn Webb scores
|
Batting: LHB Nick Weber
|
0-0: Ball 1-0: Foul Ball, location: 2F 1-1: Ball 2-1: Swinging Strike 2-2: Foul Ball, location: 2F 2-2: Ball 3-2: Foul Ball, location: 2F 3-2: Strikes out swinging
|
Top of the 5th over - 1 run(s), 1 hit(s), 1 error(s), 1 left on base; Evans HS 8 - Masconomet HS 0 |
BOTTOM OF THE 5TH |
Masconomet HS Chieftans batting - Pitching for Evans HS Knights : RHP David Munger
|
Batting: RHB António Rojas
|
0-0: Ball 1-0: Ball 2-0: Ball 3-0: Called Strike 3-1: Base on Balls
|
Batting: SHB Jim Orr
|
0-0: Called Strike 0-1: Swinging Strike 0-2: Ball 1-2: Ball 2-2: Ball 3-2: Base on Balls António Rojas to second
|
Batting: RHB Jack Bowman
|
0-0: Swinging Strike 0-1: Swinging Strike 0-2: Ball 1-2: Strikes out looking
|
Batting: RHB Frank Music
|
0-0: Grounds into double play, U5-3 (Groundball, 5L)
|
Bottom of the 5th over - 0 run(s), 0 hit(s), 0 error(s), 1 left on base; Evans HS 8 - Masconomet HS 0 |
TOP OF THE 6TH |
Evans HS Knights batting - Pitching for Masconomet HS Chieftans : RHP Albert Berry
|
Batting: LHB Billy Raymond
|
0-0: Ground out 6-3 (Groundball, 6)
|
Batting: LHB Gerald Murphy
|
0-0: Called Strike 0-1: Fly out, F9 (Flyball, 89M)
|
Batting: RHB Harvey Mawhinney
|
0-0: Swinging Strike 0-1: Called Strike 0-2: Ball 1-2: Strikes out swinging
|
Top of the 6th over - 0 run(s), 0 hit(s), 0 error(s), 0 left on base; Evans HS 8 - Masconomet HS 0 |
BOTTOM OF THE 6TH |
Masconomet HS Chieftans batting - Pitching for Evans HS Knights : RHP David Munger
|
Batting: RHB Tyler Robinson
|
0-0: Called Strike 0-1: Ball 1-1: Foul Ball, location: 2F 1-2: Ball 2-2: Ball 3-2: SINGLE (Popup, 89S)
|
Pitching: RHP José Escobar
|
|
Batting: RHB Lee Justice
|
0-0: Ball 1-0: Foul Ball, location: 2F 1-1: SINGLE (Flyball, 34D) Tyler Robinson to second Runner from 2nd tries for 3rd, SAFE, throw made to third Lee Justice to second
|
Batting: LHB David Hebert
|
0-0: Ball 1-0: Called Strike 1-1: Ball 2-1: Called Strike 2-2: Strikes out swinging
|
Batting: LHB José Gallardo
|
0-0: Ball 1-0: SINGLE (Groundball, 34D) Tyler Robinson scores Lee Justice to third Runner from 3rd tries for Home, SAFE, no throw or cutoff
|
Batting: RHB Ryan Beck
|
0-0: Ball 1-0: Called Strike 1-1: Foul Ball, location: 2F 1-2: Fly out, F8 (Flyball, 8RM)
|
Batting: RHB António Rojas
|
0-0: Ball 1-0: Called Strike 1-1: Foul Ball, location: 2F 1-2: Foul Ball, location: 2F 1-2: Foul Ball, location: 2F 1-2: Foul Ball, location: 2F 1-2: Strikes out swinging
|
Bottom of the 6th over - 2 run(s), 3 hit(s), 0 error(s), 1 left on base; Evans HS 8 - Masconomet HS 2 |
TOP OF THE 7TH |
Evans HS Knights batting - Pitching for Masconomet HS Chieftans : RHP Albert Berry
|
Pitching: RHP Mitchell Fitzgerald
|
|
Batting: SHB Bryan Atkins
|
0-0: Ball 1-0: Called Strike 1-1: Called Strike 1-2: Fly out, F8 (Flyball, 8LM)
|
Batting: LHB Quinn Webb
|
0-0: Ball 1-0: Foul Ball, location: 2F Single, Error in OF, E8, batter to second base
|
Batting: SHB Brandon Hathaway
|
0-0: Called Strike 0-1: Ball 1-1: Foul Ball, location: 2F 1-2: Strikes out swinging
|
Batting: RHB Rafael Martínez
|
0-0: Foul Ball, location: 2F 0-1: Reached on Error, E7 (Flyball, 7LM) Quinn Webb scores
|
Batting: RHB Tim Lee
|
0-0: Called Strike 0-1: Called Strike 0-2: Foul Ball, location: 2F 0-2: Ball 1-2: Fly out, F3 (Popup, 3F)
|
Top of the 7th over - 1 run(s), 1 hit(s), 2 error(s), 1 left on base; Evans HS 9 - Masconomet HS 2 |
BOTTOM OF THE 7TH |
Masconomet HS Chieftans batting - Pitching for Evans HS Knights : RHP José Escobar
|
Batting: SHB Jim Orr
|
0-0: Ball 1-0: Ball 2-0: Called Strike 2-1: Ball 3-1: Base on Balls
|
Batting: RHB Jack Bowman
|
0-0: Ball 1-0: Foul Ball, location: 2F 1-1: Ball 2-1: Foul Ball, location: 2F 2-2: Ball 3-2: Base on Balls Jim Orr to second
|
Batting: RHB Frank Music
|
0-0: Ball 1-0: Grounds into double play, 6-4-3 (Groundball, 6) Jim Orr to third
|
Batting: RHB Tyler Robinson
|
0-0: Swinging Strike 0-1: Ball 1-1: Swinging Strike 1-2: Strikes out swinging
|
Bottom of the 7th over - 0 run(s), 0 hit(s), 0 error(s), 1 left on base; Evans HS 9 - Masconomet HS 2 |
TOP OF THE 8TH |
Evans HS Knights batting - Pitching for Masconomet HS Chieftans : RHP Mitchell Fitzgerald
|
Batting: LHB Nick Weber
|
0-0: Ball 1-0: Ball 2-0: Hit by Pitch
|
Batting: LHB Billy Raymond
|
0-0: Called Strike 0-1: Ball 1-1: Bunted foul 1-2: Reached on Error, E7 (Flyball, 78M) Nick Weber to second
|
Batting: LHB Gerald Murphy
|
0-0: Called Strike 0-1: Fielders Choice at 2nd, 6-4 (Groundball, 6) Nick Weber to third
|
Batting: RHB Harvey Mawhinney
|
0-0: Called Strike Gerald Murphy steals 2nd base Error on foul ball, E7 0-2: 3-RUN HOME RUN (Flyball, 9D), Distance : 398 ft
|
Pitching: RHP Ned Haggart
|
|
Batting: SHB Bryan Atkins
|
0-0: Called Strike 0-1: Fly out, F8 (Flyball, 78D)
|
Pinch Hitting: LHB Michael Wilson
|
0-0: Called Strike 0-1: Swinging Strike 0-2: SINGLE (Line Drive, 34D)
|
Batting: SHB Brandon Hathaway
|
0-0: Ball 1-0: Ball 2-0: Ball 3-0: Base on Balls Michael Wilson to second
|
Batting: RHB Rafael Martínez
|
0-0: Called Strike 0-1: Fly out, F6 (Popup, 6)
|
Top of the 8th over - 3 run(s), 2 hit(s), 2 error(s), 2 left on base; Evans HS 12 - Masconomet HS 2 |
BOTTOM OF THE 8TH |
Masconomet HS Chieftans batting - Pitching for Evans HS Knights : RHP José Escobar
|
Pitching: RHP Armando Lazaro
|
|
Now in CF: Julián Icaza
|
|
Batting: RHB Lee Justice
|
0-0: Called Strike 0-1: Foul Ball, location: 2F 0-2: Strikes out swinging
|
Batting: LHB David Hebert
|
0-0: Foul Ball, location: 2F 0-1: Ball 1-1: Ball 2-1: Ball 3-1: Called Strike 3-2: Base on Balls
|
Batting: LHB José Gallardo
|
0-0: DOUBLE (Flyball, 8LM) David Hebert to third
|
Batting: RHB Ryan Beck
|
0-0: Ball 1-0: Called Strike 1-1: Ball 2-1: Foul Ball, location: 2F 2-2: Strikes out swinging
|
Batting: RHB António Rojas
|
0-0: Ball 1-0: Swinging Strike 1-1: Swinging Strike 1-2: Ground out 1-3 (Groundball, 25)
|
Bottom of the 8th over - 0 run(s), 1 hit(s), 0 error(s), 2 left on base; Evans HS 12 - Masconomet HS 2 |
TOP OF THE 9TH |
Evans HS Knights batting - Pitching for Masconomet HS Chieftans : RHP Ned Haggart
|
Batting: RHB Tim Lee
|
0-0: Ground out U3 (Groundball, 3S)
|
Batting: LHB Nick Weber
|
0-0: Ball 1-0: Foul Ball, location: 2F 1-1: SINGLE (Flyball, 9LM)
|
Batting: LHB Billy Raymond
|
0-0: Ball 1-0: Ball 2-0: Called Strike 2-1: Foul Ball, location: 2F 2-2: Ball 3-2: Foul Ball, location: 2F 3-2: Base on Balls Nick Weber to second
|
Batting: LHB Gerald Murphy
|
0-0: Fielders Choice at 2nd, 5-4 (Groundball, 5D) Nick Weber to third
|
Pinch Hitting: LHB Andre Montgomery
|
0-0: Ball 1-0: Called Strike 1-1: Swinging Strike 1-2: Ball 2-2: SINGLE (Groundball, 6M) Nick Weber scores Gerald Murphy to second Runner from 2nd tries for 3rd, SAFE, no throw or cutoff
|
Batting: SHB Bryan Atkins
|
0-0: Called Strike 0-1: Foul Ball, location: 2F 0-2: DOUBLE (Flyball, 89M) Gerald Murphy scores Andre Montgomery to third
|
Batting: LHB Julián Icaza
|
0-0: Foul Ball, location: 2F 0-1: Ball 1-1: Ball 2-1: Ball 3-1: Fly out, F7 (Flyball, 78M)
|
Top of the 9th over - 2 run(s), 3 hit(s), 0 error(s), 2 left on base; Evans HS 14 - Masconomet HS 2 |
BOTTOM OF THE 9TH |
Masconomet HS Chieftans batting - Pitching for Evans HS Knights : RHP Armando Lazaro
|
Now at 1B: Andre Montgomery
|
|
Batting: SHB Jim Orr
|
0-0: Ball 1-0: Foul Ball, location: 2F 1-1: Foul Ball, location: 2F 1-2: Ball 2-2: SINGLE (Line Drive, 3D)
|
Batting: RHB Jack Bowman
|
0-0: Ball 1-0: Ball 2-0: SINGLE (Groundball, 6MD) Jim Orr to second Throwing error, E8 Jim Orr scores Jack Bowman to second
|
Batting: RHB Frank Music
|
0-0: Called Strike 0-1: Ball 1-1: Ground out 6-3 (Groundball, 6)
|
Batting: RHB Tyler Robinson
|
0-0: Ground out 1-3 (Groundball, 13S) Jack Bowman to third
|
Batting: RHB Lee Justice
|
0-0: Ball 1-0: Swinging Strike 1-1: Called Strike 1-2: Strikes out looking
|
Bottom of the 9th over - 1 run(s), 2 hit(s), 1 error(s), 1 left on base; Evans HS 14 - Masconomet HS 3 |
|